Map: New Repugnancy LE

Players

Dear

  • Race: Protoss Protoss
  • Spawn Location: 7:00

herO - Winner!

  • Race: Protoss Protoss
  • Spawn Location: 1:00

Event: IEM Season 13: Katowice (2019)

VOD

Have the link to the VOD?

Description

Time

  • Played on: March 2, 2019, 10:06 a.m.
  • Length: 10:36

All games in this series

Show
View Real Time Build Order
Export as new Build Order

Dear Protoss 

Build Orders:  

Get SALT Encoding   

  12  0:00  Probe  
  13  0:12  Probe  
  14  0:18  Pylon  
  14  0:24  Probe  
  15  0:33  Probe  
  15  0:38  Gateway  
  15  0:41  Probe  
  16  0:47  Assimilator  
  17  0:51  Probe  
  17  0:55  Assimilator  
  18  1:00  Probe  
  19  1:07  Gateway  
  19  1:08  Probe  
  19  1:17  Probe  
  21  1:26  Cybernetics Core  
  21  1:29  Probe  
  22  1:35  Pylon  
  22  1:41  Probe  
  23  1:53  Probe  
  24  2:04  Warp Gate, Adept x2  
  24  2:06  Probe  
  29  2:11  Pylon  
  29  2:20  Robotics Facility  
  29  2:30  Pylon  
  28  2:38  Gateway  
  28  2:44  Stalker  
  28  2:47  Stalker  
  32  2:59  Immortal  
  36  3:14  Pylon  
  36  3:19  Stalker  
  38  3:32  Observer  
  39  3:48  Nexus  
  39  3:53  Sentry  
  41  4:01  Stalker  
  43  4:07  Pylon  
  42  4:18  Twilight Council  
  42  4:27  Stalker  
  44  4:33  Stalker  
  46  4:42  Probe  
  46  4:44  Pylon  
  47  4:50  Probe  
  43  4:59  Probe x2  
  45  5:07  Probe, Blink  
  45  5:08  Probe  
  45  5:16  Probe  
  45  5:17  Probe  
  47  5:25  Probe  
  48  5:29  Probe  
  49  5:37  Probe  
  49  5:38  Stalker  
  49  5:40  Stalker  
  54  5:44  Probe  
  54  5:49  Probe  
  53  5:55  Probe  
  54  6:01  Probe  
  54  6:03  Probe  
  55  6:08  Sentry x2  
  55  6:09  Probe  
  60  6:11  Probe  
  60  6:17  Probe  
  60  6:22  Probe  
  60  6:25  Pylon  
  62  6:28  Probe  
  63  6:34  Probe  
  63  6:38  Stalker x2  
  63  6:39  Shield Battery  
  68  6:40  Probe  
  68  6:47  Pylon, Probe  
  70  6:52  Probe  
  66  6:59  Probe  
  66  7:08  Sentry x2  
  70  7:10  Gateway  
  70  7:11  Gateway  
  70  7:13  Probe x2  
  70  7:15  Gateway  
  68  7:21  Gateway  
  68  7:25  Probe x2  
  68  7:29  Stalker  
  72  7:30  Stalker  
  72  7:34  Pylon  
  74  7:41  Charge  
  74  7:42  Probe  
  75  7:49  Pylon  
  75  7:52  Gateway  
  75  8:09  Zealot x3, Stalker  
  75  8:10  Stalker  
  84  8:15  Pylon  
  78  8:38  Stalker  
  78  8:39  Stalker x4  
  72  8:52  Zealot x2  
  57  9:06  Stalker x3  
  57  9:08  Zealot x2  
  61  9:22  Sentry  
  61  9:23  Nexus  
  63  9:28  Zealot  
  63  9:29  Zealot x3  
  71  9:38  Zealot x2  
  71  9:44  Pylon  
  75  9:46  Sentry  
  77  9:56  Zealot x3  
  83  10:05  Zealot x2  
  85  10:17  Stalker x2  
  56  10:21  Zealot  
Show
View Real Time Build Order
Export as new Build Order

herO Protoss - Winner!

Build Orders: Phoenix Opening 

Get SALT Encoding   

  12  0:00  Probe  
  13  0:12  Probe  
  14  0:17  Pylon  
  14  0:24  Probe  
  15  0:32  Probe  
  15  0:37  Gateway  
  15  0:40  Probe  
  16  0:46  Assimilator  
  17  0:50  Probe  
  18  0:58  Probe  
  18  1:03  Assimilator  
  19  1:07  Probe  
  19  1:10  Gateway  
  20  1:18  Probe  
  21  1:26  Cybernetics Core  
  21  1:30  Probe  
  22  1:35  Pylon  
  22  1:42  Probe  
  23  1:54  Probe  
  24  2:02  Warp Gate  
  24  2:03  Adept x2  
  28  2:11  Pylon  
  28  2:16  Stargate  
  28  2:26  Pylon  
  28  2:33  Adept  
  28  2:34  Adept  
  32  2:51  Phoenix  
  32  3:03  Adept  
  32  3:04  Adept  
  32  3:05  Pylon  
  38  3:20  Pylon, Phoenix  
  39  3:38  Phoenix  
  39  3:44  Shield Battery  
  41  3:55  Stalker x2  
  45  4:03  Phoenix  
  47  4:30  Nexus  
  47  4:35  Pylon  
  47  4:46  Robotics Facility  
  47  4:53  Probe  
  47  4:55  Void Ray  
  48  5:18  Adept x2  
  52  5:33  Immortal, Shield Battery  
  56  5:47  Probe x2  
  58  5:59  Forge  
  58  6:00  Probe  
  58  6:01  Probe  
  60  6:08  Sentry  
  62  6:13  Observer  
  62  6:14  Probe x2  
  65  6:22  Probe x2  
  65  6:28  Pylon  
  65  6:31  Probe x2  
  67  6:33  Protoss Ground Weapons Level 1  
  67  6:38  Pylon  
  69  6:46  Immortal  
  73  6:55  Probe  
  73  6:56  Probe  
  70  7:02  Adept x2  
  70  7:08  Probe x2  
  73  7:17  Warp Prism  
  73  7:22  Probe x2  
  75  7:28  Twilight Council  
  77  7:33  Pylon  
  77  7:34  Probe x2  
  79  7:43  Immortal  
  77  7:46  Observer  
  81  8:11  Gateway  
  81  8:12  Immortal, Gateway  
  81  8:13  Gateway  
  81  8:15  Resonating Glaives  
  85  8:27  Adept  
  85  8:28  Adept  
  85  8:40  Pylon  
  85  8:41  Pylon  
  85  8:52  Immortal  
  85  8:54  Pylon  
  79  9:11  Adept x3  
  79  9:15  Photon Cannon  
  85  9:17  Photon Cannon  
  85  9:20  Gateway  
  86  9:31  Observer  
  86  9:32  Adept x5  
  96  9:38  Shield Battery  
  96  9:41  Shield Battery  
  96  9:59  Adept x3  
  101  10:00  Adept x2  
  103  10:21  Adept x5  
  89  10:27  Adept x3  

Tags
 
Add a new tag
Caveats
  • Supply blocks, unpowered buildings, or Contaminate may cause inaccurate times.
  • Supply counts are checked every 10 seconds.